 Dungeon Crawl Stone Soup version 0.28.0-53-g5a82cb258f (webtiles) character file.

Game seed: 5673803943520996266

1 kbeanz the Insei (level 1, 0/15 HPs)
             Began as a Demigod Transmuter on June 24, 2022.
             Frozen to death by an endoplasm (3 damage)
             ... on level 1 of the Dungeon.
             The game lasted 00:00:51 (85 turns).

kbeanz the Insei (Demigod Transmuter)                 Turns: 85, Time: 00:00:51

Health: 0/15       AC:  2    Str: 11    XL:     1   Next: 13%
Magic:  5/5        EV: 12    Int: 15    God:
Gold:   0          SH:  0    Dex: 14    Spells: 2/3 levels left

rFire   . . .      SeeInvis .     - Unarmed
rCold   . . .      Faith    .   (no shield)
rNeg    . . .      Spirit   .   a - +0 robe
rPois   .          Reflect  .   (no helmet)
rElec   .          Harm     .   (no cloak)
rCorr   .          Rampage  .   (no gloves)
Will    .....                   (no boots)
Stlth   +.........              (no amulet)
HPRegen 0.05/turn               (no ring)
MPRegen 0.09/turn               (no ring)

@: no status effects
A: high MP 1, forlorn, divine attributes
a: no special abilities


You were on level 1 of the Dungeon.
You visited 1 branch of the dungeon, and saw 1 of its levels.

Inventory:

Armour
 a - a +0 robe (worn)
Scrolls
 b - a scroll of silence {unknown}


   Skills:
 + Level 0.8 Fighting
 + Level 1.7 Dodging
 + Level 2.6 Unarmed Combat
 + Level 1.9 Spellcasting
 + Level 1.7 Transmutations


You had 2 spell levels left.
You knew the following spells:

 Your Spells              Type           Power      Damage    Failure   Level
a - Beastly Appendage     Tmut           12%        N/A       11%         1

Your spell library contained the following spells:

 Spells                   Type           Power      Damage    Failure   Level
 Wereblood                Tmut           6%         N/A       17%         2
 Spider Form              Tmut/Pois      4%         N/A       43%         3
 Ice Form                 Ice/Tmut       4%         N/A       83%         4


Dungeon Overview and Level Annotations

Branches:
Dungeon (1/15)


Innate Abilities, Weirdness & Mutations

You have an increased reservoir of magic. (+10% MP)
You shall have no god before yourself.
Your divine heritage dramatically boosts your attributes as you level up.


Message History

The endoplasm freezes you.
You are frozen.
* * * LOW HITPOINT WARNING * * *
You hit the endoplasm but do no damage. You punch the endoplasm.
You kill the endoplasm!
Found a stone staircase leading down.
b - a scroll labelled ENELLU UCSAERO
Found 4 gold pieces.
A bat comes into view.
A kobold and a bat come into view.
The kobold shouts!
You hear a shout!
The bat hits you but does no damage. The bat barely misses you.
The bat misses you. The bat hits you but does no damage.
The bat completely misses you.
A goblin comes into view. It is wielding a +0 dagger.
You miss the bat. The bat hits you but does no damage.
The bat closely misses you. The kobold closely misses you.
The bat barely misses you. The bat hits you but does no damage. x2
The kobold hits you with a +0 club.
* * * LOW HITPOINT WARNING * * *
The bat hits you but does no damage. x2
An endoplasm comes into view.
The kobold completely misses you. The bat completely misses you.
The bat closely misses you. x2
The bat hits you but does no damage. The bat barely misses you.
The bat closely misses you. The goblin closely misses you.
The kobold hits you but does no damage.
You closely miss the bat.
The endoplasm quivers.
Your punch misses the bat. The bat hits you but does no damage. x3
The goblin hits you but does no damage. The kobold hits you with a +0 club.
* * * LOW HITPOINT WARNING * * *
You closely miss the bat. The bat misses you.
The bat hits you but does no damage. The goblin hits you but does no damage.
The kobold closely misses you. The bat closely misses you.
The bat completely misses you. The goblin barely misses you.
The endoplasm freezes you.
You are frozen.
You die...

...###########.#
...............#
.#.#######.. ...
.#.### #.# #.# .....#
#.# #.#### ##.#.#
##.###....# #
##.#.####...##....# .#
##.#............Kb#..#
'..######...>...@....#
'.## ##.#.$.bgJ......#
'.# #...........####
### ####.....#..# #
##....#..# #
.....#...# ####.##.#.#
#.. ..


You could see an endoplasm, a goblin, 2 bats and a kobold.

Vanquished Creatures
  An endoplasm (D:1)
1 creature vanquished.

Notes
Turn   | Place    | Note
-------+----------+-------------------------------------------
     0 | D:1      | kbeanz the Demigod Transmuter began the quest for the Orb.
     0 | D:1      | Reached XP level 1. HP: 15/15 MP: 5/5
    85 | D:1      | Frozen to death by an endoplasm

Illustrated notes

Levels and vault maps discovered:
D:1:      shiori_arrival_elements, layout_loops_ring, basic_ecumenical_altar,
          st_stairs_13, hex_tiny, minmay_misc_feat_ornament,
          minmay_misc_feat_encased, minmay_tetromino_s2

Action                   || total
-------------------------++-------
Melee: Unarmed           ||     8
       Punch             ||     1
Armor: Robe              ||    16
Dodge: Dodged            ||    19
